 Dungeon Crawl Stone Soup version 0.20-b1-18-gaa2fd62 (webtiles) character file.

595 MTVSty1e the Skirmisher (level 7, -6/64 HPs)
             Began as a Minotaur Fighter on May 24, 2017.
             Killed from afar by an orc wizard (8 damage)
             ... with a puff of flame
             ... on level 5 of the Dungeon.
             The game lasted 00:06:23 (3608 turns).

MTVSty1e the Skirmisher (Minotaur Fighter)          Turns: 3608, Time: 00:06:25

Health: -6/64      AC:  8    Str: 27    XL:     7   Next: 16%
Magic:  6/6        EV:  9    Int:  5    God:
Gold:   244        SH: 11    Dex: 10    Spells: 6/6 levels left

rFire    . . .     SeeInvis .   a - +1 war axe
rCold    . . .     Gourm    .   c - +1 shield
rNeg     . . .     Faith    .   b - +0 scale mail
rPois    .         Spirit   .   (helmet restricted)
rElec    .         Reflect  .   (no cloak)
rCorr    .         Harm     .   h - +0 pair of gloves
MR       .....                  (no boots)
Stlth    ..........             (no amulet)
Regen    0.2/turn               (no ring)
MPRegen  0.1/turn               (no ring)

@: mighty, lethally poisoned (-6 -> -10)
A: retaliatory headbutt, horns 2, talons 1, high mp 1, mutation resistance 1
a: no special abilities


You were on level 5 of the Dungeon.
You were not hungry.

You visited 1 branch of the dungeon, and saw 5 of its levels.

You collected 244 gold pieces.

Inventory:

Hand Weapons
 a - a +1 war axe (weapon)
Armour
 b - a +0 scale mail (worn)
 c - a +1 shield (worn)
 h - a +0 pair of gloves (worn)
Wands
 t - a wand of iceblast (3/15)
Scrolls
 k - a scroll of remove curse
 l - a scroll of enchant weapon
 n - 2 scrolls of amnesia
 o - 2 scrolls of identify
 s - a scroll of blinking {unknown}
 u - 2 scrolls of teleportation
Potions
 e - a potion of curing {unknown}
 i - 2 potions of heal wounds {unknown}
 j - a potion of brilliance {unknown}
 m - a potion of invisibility {unknown}
 p - a potion of berserk rage {unknown}
 q - a potion of cancellation {unknown}
 r - 2 potions of flight {unknown}
 v - a potion of lignification {unknown}
Comestibles
 f - 3 bread rations
 g - 4 fruits


   Skills:
 * Level 6.4 Fighting
 + Level 4.2 Axes
 + Level 5.5 Armour
 + Level 2.8 Dodging
 + Level 5.1 Shields


You had 6 spell levels left.
You didn't know any spells.

Dungeon Overview and Level Annotations

Branches:
Dungeon (5/15)
 Temple: D:4-7

Altars:
Ashenzari
Dithmenos
Elyvilon
Fedhas
Hepliaklqana
Qazlal
Ru
Xom

Annotations:
D:4 2 transporters


Innate Abilities, Weirdness & Mutations

You reflexively headbutt those who attack you in melee.
You have a pair of horns on your head.
You have sharp toenails.
You have an increased reservoir of magic. (+10% MP)
You are somewhat resistant to further mutation.


Message History

a club; a flail; a plate armour; an orc corpse
* * * LOW HITPOINT WARNING * * *
You feel sick. You block the orc wizard's attack.
Things that are here:
a club; a ring mail; a dagger of venom You closely miss the orc wizard.
* * * LOW HITPOINT WARNING * * *
You feel sick. You block the orc wizard's attack. x2
You barely miss the orc wizard.
You claw the orc wizard, but do no damage.
* * * LOW HITPOINT WARNING * * *
You feel sick.
The orc wizard hits you but does no damage.
You slash the orc wizard! You claw the orc wizard.
The orc wizard is severely wounded.
* * * LOW HITPOINT WARNING * * *
You feel sick.
The orc wizard gestures at you while chanting.
The puff of flame hits you!
You die...

.....#.#.......#
#.......#
.##.<#.#########
#.......#
.....#.#
####)......#
..##.#.# ###
#............ ..
..#.. ...
#.##.....###. .
....#
#.##.###.####
####.#
#....#.###
..##....#..###..
#......)@o$($...
####.##.#..#88.#
.....?#...# #
#####..##...#
#$.# ##... #..#
.### #..# # #..#


You could see an orc wizard.

Vanquished Creatures
  Grinder (D:4)
  An orc warrior (D:5)
  A howler monkey (D:4)
  A crimson imp (D:4)
  An orc priest (D:5)
  Terence (D:3)
  3 adders
  4 gnolls (D:5)
  An ooze (D:3)
  3 worms
  4 dart slugs
  3 leopard geckos
  4 orcs
  6 bats
  9 giant cockroaches
  4 goblins
  5 hobgoblins
  2 jackals (D:5)
  2 quokkas
  2 ball pythons
  7 frilled lizards
  8 kobolds
  12 rats
85 creatures vanquished.

Notes
Turn   | Place    | Note
-------+----------+-------------------------------------------
     0 | D:1      | MTVSty1e the Minotaur Fighter began the quest for the Orb.
     0 | D:1      | Reached XP level 1. HP: 19/19 MP: 0/0
    94 | D:1      | Reached XP level 2. HP: 27/27 MP: 1/1
   590 | D:2      | Found a shimmering altar of Xom.
   607 | D:2      | Found a stormy altar of Qazlal.
   702 | D:2      | Reached skill level 4 in Fighting
   702 | D:2      | Reached XP level 3. HP: 33/33 MP: 2/2
   818 | D:2      | Found a white marble altar of Elyvilon.
   951 | D:2      | Reached skill level 1 in Dodging
  1641 | D:3      | Reached XP level 4. HP: 40/40 MP: 3/3
  2008 | D:3      | Found a shattered altar of Ashenzari.
  2162 | D:3      | Noticed Terence
  2175 | D:3      | Killed Terence
  2508 | D:3      | Reached XP level 5. HP: 44/47 MP: 4/4
  2813 | D:4      | Found a hazy altar of Hepliaklqana.
  2815 | D:4      | Noticed a hungry ghost
  2890 | D:4      | Noticed Grinder
  2891 | D:4      | Reached skill level 5 in Fighting
  2894 | D:4      | Paralysed by Grinder for 4 turns
  2904 | D:4      | Killed Grinder
  2904 | D:4      | Reached skill level 5 in Armour
  2904 | D:4      | Reached XP level 6. HP: 31/57 MP: 5/5
  2912 | D:4      | Gained mutation: You do not regenerate when monsters are visible. [potion of mutation]
  2912 | D:4      | Gained mutation: You are somewhat resistant to further mutation. [potion of mutation]
  2913 | D:4      | Lost mutation: You are somewhat resistant to further mutation. [potion of mutation]
  2913 | D:4      | Lost mutation: You do not regenerate when monsters are visible. [potion of mutation]
  2913 | D:4      | Gained mutation: You have sharp toenails. [potion of mutation]
  2913 | D:4      | Gained mutation: You have an increased reservoir of magic. (+10% MP) [potion of mutation]
  2913 | D:4      | Gained mutation: You are somewhat resistant to further mutation. [potion of mutation]
  3256 | D:4      | Reached skill level 6 in Fighting
  3490 | D:5      | Entered Level 5 of the Dungeon
  3494 | D:5      | Found a shadowy altar of Dithmenos.
  3496 | D:5      | Found a blossoming altar of Fedhas.
  3496 | D:5      | Found a sacrificial altar of Ru.
  3550 | D:5      | Reached skill level 5 in Shields
  3591 | D:5      | Noticed an orc warrior
  3601 | D:5      | Killed an orc warrior
  3601 | D:5      | Reached XP level 7. HP: 11/64 MP: 6/6
  3607 | D:5      | HP: 3/64 [poisoned by an orc priest]
  3608 | D:5      | Killed from afar by an orc wizard

Skill      XL: |  1  2  3  4  5  6 |
---------------+-------------------+-----
Armour         | 4 5 |  5.5
Fighting       | 4 5 6 |  6.4
Shields        | 4 5 |  5.1
Dodging        | 1 2 |  2.8
Axes           | 3 4 |  4.2

Action                   |  1- 3 |  4- 6 |  7- 9 || total
-------------------------+-------+-------+-------++-------
Melee: War axe           |   111 |   123 |     5 ||   239
       Headbutt          |    18 |    18 |       ||    36
       Kick              |       |    11 |     2 ||    13
  Use: Scroll            |       |     8 |       ||     8
       Potion            |       |     4 |       ||     4
  Eat: Royal jelly       |     1 |       |       ||     1
       Bread ration      |       |     1 |       ||     1
       Meat ration       |       |     1 |       ||     1
Armor: Scale mail        |    70 |    39 |     1 ||   110
Dodge: Dodged            |    36 |    35 |       ||    71
Block: Shield            |    74 |    62 |     3 ||   139
